 Dungeon Crawl Stone Soup version 0.23.2-33-g5129a83184 (webtiles) character file.

Game seed: 14534761899612013746

1673 kae the Spear-Bearer (level 9, -7/69 HPs)
             Began as a Merfolk Gladiator on July 25, 2019.
             Was a Follower of Okawaru.
             Killed by divine providence
             ... invoked by an orc priest
              (11 damage)
             ... on level 6 of the Dungeon.
             The game lasted 00:05:01 (5405 turns).

kae the Spear-Bearer (Merfolk Gladiator)            Turns: 5405, Time: 00:05:01

Health: -7/69      AC: 12    Str: 25    XL:     9   Next: 1%
Magic:  10/10      EV: 11    Int: 15    God:    Okawaru [*.....]
Gold:   25         SH:  0    Dex: 15    Spells: 8/8 levels left

rFire    . . .     SeeInvis .   m - +0 bardiche
rCold    . . .     Gourm    .   (shield currently unavailable)
rNeg     . . .     Faith    .   h - +0 plate armour
rPois    .         Spirit   .   c - +0 helmet
rElec    .         Reflect  .   (no cloak)
rCorr    .         Harm     .   (no gloves)
MR       .....                  (no boots)
Stlth    ..........             (no amulet)
HPRegen  0.21/turn              p - +5 ring of intelligence
MPRegen  0.12/turn              g - +5 ring of strength

@: mighty
A: change form in water, swift swim, stealthy swim
a: Heroism, Renounce Religion


You were on level 6 of the Dungeon.
You worshipped Okawaru.
Okawaru was aware of your devotion.
You were very hungry.

You visited 2 branches of the dungeon, and saw 7 of its levels.

You collected 158 gold pieces.
You spent 133 gold pieces at shops.

Inventory:

Hand Weapons
 a - a +0 trident
 m - a +0 bardiche (weapon)
Missiles
 d - 3 throwing nets (quivered)
Armour
 b - a +0 leather armour
 c - a +0 helmet (worn)
 h - a +0 plate armour (worn)
Jewellery
 g - a +5 ring of strength (right hand)
 p - a +5 ring of intelligence (left hand)
Wands
 n - a wand of acid (8)
Scrolls
 i - 2 scrolls of noise
 j - 3 scrolls of teleportation
 r - a scroll of enchant weapon
 t - a scroll of enchant armour {unknown}
Potions
 e - 2 potions of might
 k - a potion of resistance
 l - a potion of magic
 q - 2 potions of agility
Comestibles
 f - 10 rations


   Skills:
 + Level 5.7 Fighting
 * Level 10.7 Polearms
 - Level 2.0 Throwing
 + Level 3.3 Armour
 + Level 7.6 Dodging
 + Level 1.9 Invocations


You had 8 spell levels left.
You didn't know any spells.
Your spell library was empty.

Dungeon Overview and Level Annotations

Branches:
Dungeon (6/15)             Temple (1/1) D:4

Altars:
Ashenzari
Cheibriados
Dithmenos
Fedhas
Gozag
Hepliaklqana
Makhleb
Nemelex Xobeh
Okawaru
Qazlal
Sif Muna
Vehumet
Wu Jian
Xom
Yredelemnul
Zin

Shops:
D:4 *[?*


Message History

You struggle to resist.
The orc priest hits you but does no damage.
You barely miss the orc priest.
The orc priest is moderately wounded.
The orc hits you but does no damage. The orc priest barely misses you.
The orc hits you but does no damage.
You slice the orc priest!!
You kill the orc priest!
Okawaru accepts your kill.
You have reached level 9!
Your experience leads to an increase in your attributes!
Your base attributes are Str 15, Int 9, Dex 15.
Increase (S)trength, (I)ntelligence, or (D)exterity?
You feel clever.
The orc priest calls upon Beogh to heal the orc.
The orc's wounds heal themselves!
The orc hits you with a +0 flail.
* * * LOW HITPOINT WARNING * * *
The orc priest invokes the aid of Beogh against you.
Beogh smites you!
You die...

#........#
#........##.
######...........
.....oo..!....#
#........#.#
###..##....#
##........#
###oo######[.
##.@)## .#
###..#.# ...##
###......#
#...##...#.####
#.
#....###.###....
###..........#
###..#....#####
#.......#.....#
#....#..######.#


You could see an orc priest and an orc.

Vanquished Creatures
  An orc warrior (D:6)
  An ice beast (D:6)
  2 ogres
  2 phantoms (D:4)
  3 centaurs
  2 scorpions (D:4)
  2 crimson imps
  A bullfrog zombie (D:5)
  2 orc priests
  2 hounds
  A centaur skeleton (D:5)
  3 orc wizards
  2 bullfrog skeletons
  An iguana (D:4)
  5 worker ants
  A hound skeleton (D:6)
  2 worker ant zombies
  9 gnolls
  7 adders
  A shadow imp (D:5)
  An ooze (D:2)
  An adder zombie (D:5)
  A worm (D:4)
  2 dart slugs (D:1)
  5 leopard geckos
  10 orcs
  7 bats
  2 giant cockroaches (D:3)
  5 goblins
  10 hobgoblins
  2 jackals (D:3)
  3 kobolds
  4 quokkas
  A ball python (D:3)
  A frilled lizard (D:1)
  A quokka skeleton (D:4)
  5 rats
111 creatures vanquished.

Vanquished Creatures (others)
  A goblin (D:2)
1 creature vanquished.

Grand Total: 112 creatures vanquished

Notes
Turn   | Place    | Note
-------+----------+-------------------------------------------
     0 | D:1      | kae the Merfolk Gladiator began the quest for the Orb.
     0 | D:1      | Reached XP level 1. HP: 16/16 MP: 1/1
   148 | D:1      | Reached XP level 2. HP: 19/23 MP: 2/2
   255 | D:1      | Reached skill level 5 in Polearms
   657 | D:2      | Noticed an angel
   659 | D:2      | Found a shimmering altar of Xom.
   661 | D:2      | Found a glowing silver altar of Zin.
   677 | D:2      | Reached XP level 3. HP: 26/28 MP: 3/3
  1120 | D:2      | Reached XP level 4. HP: 26/34 MP: 4/4
  1410 | D:3      | Found a shadowy altar of Dithmenos.
  1523 | D:3      | Found a burning altar of Makhleb.
  1524 | D:3      | Found a radiant altar of Vehumet.
  1699 | D:3      | Reached skill level 6 in Polearms
  1754 | D:3      | Reached XP level 5. HP: 40/41 MP: 5/5
  1853 | D:3      | Reached skill level 1 in Armour
  2203 | D:3      | Reached skill level 5 in Dodging
  2211 | D:3      | Found a hazy altar of Hepliaklqana.
  2253 | D:4      | Found Zuipn's General Store.
  2358 | D:4      | Noticed an ogre
  2368 | D:4      | Killed an ogre
  2368 | D:4      | Reached skill level 7 in Polearms
  2368 | D:4      | Reached XP level 6. HP: 48/48 MP: 6/6
  2891 | D:4      | Reached XP level 7. HP: 41/54 MP: 7/7
  2971 | D:4      | Found a staircase to the Ecumenical Temple.
  3030 | Temple   | Entered the Ecumenical Temple
  3536 | D:4      | Reached skill level 8 in Polearms
  3636 | D:4      | Found Jeynuix's Magic Scroll Shop.
  3644 | D:4      | Found Qoweimas's Antique Armour Shop.
  3663 | D:4      | Bought a scroll of enchant weapon for 105 gold pieces
  3663 | D:4      | Bought a scroll of identify for 28 gold pieces
  3686 | D:4      | Found Affex's Assorted Antiques.
  4254 | D:5      | Entered Level 5 of the Dungeon
  4259 | D:5      | Reached skill level 9 in Polearms
  4269 | D:5      | Reached XP level 8. HP: 50/61 MP: 8/8
  4292 | D:5      | Reached skill level 5 in Fighting
  4699 | D:5      | Found an iron altar of Okawaru.
  4713 | D:5      | Reached skill level 10 in Polearms
  4722 | D:5      | Became a worshipper of Warmaster Okawaru
  5031 | D:6      | Found a shadowy altar of Dithmenos.
  5102 | D:6      | Reached skill level 1 in Invocations
  5390 | D:6      | Reached * piety under Okawaru
  5405 | D:6      | Reached XP level 9. HP: 6/69 MP: 10/10
  5405 | D:6      | Killed from afar by an orc priest

Skill      XL: |  1  2  3  4  5  6  7  8 |
---------------+-------------------------+-----
Polearms       | 5 6 7 9 10 | 10.7
Fighting       | 3 4 5 |  5.7
Armour         | 1 2 3 |  3.3
Dodging        | 5 6 7 |  7.6
Invocations    | 1 |  1.9
Throwing       | |  2.0

Action                   |  1- 3 |  4- 6 |  7- 9 || total
-------------------------+-------+-------+-------++-------
Melee: Trident           |   109 |    28 |       ||   137
       Bardiche          |       |   210 |   205 ||   415
       Tailslap          |       |     5 |       ||     5
Throw: Throwing net      |       |     1 |     3 ||     4
  Use: Scroll            |       |     8 |     3 ||    11
       Potion            |       |       |     2 ||     2
 Stab: Held in net/web   |       |     1 |     2 ||     3
  Eat: Chunk             |       |     7 |     7 ||    14
Armor: Leather armour    |     8 |       |       ||     8
       Plate armour      |    34 |   174 |   196 ||   404
Dodge: Dodged            |    34 |    89 |   113 ||   236
